 Dungeon Crawl Stone Soup version 0.32-a0-86-g8db1b9f803 (webtiles) character file.

Game seed: 10239720811170071749

73 retardedninja the Firebug (level 4, 0/25 HPs)
             Began as a Gargoyle Fire Elementalist on Feb 5, 2024.
             Slain by Terence
             ... wielding a +0 mace
              (8 damage)
             ... on level 2 of the Dungeon.
             The game lasted 00:06:38 (2193 turns).

retardedninja the Firebug (GrFE)                    Turns: 2193, Time: 00:06:39

Health: 0/25       AC:  5    Str: 12    XL:     4   Next: 27%
Magic:  2/7        EV: 12    Int: 17    God:
Gold:   51         SH:  0    Dex: 10    Spells: 5/8 levels left

rFire   . . .        (no weapon)
rCold   . . .        (no shield)
rNeg    + + .        a - +0 robe
rPois   ∞            (no helmet)
rElec   +            (no cloak)
rCorr   .            (no gloves)
SInv    .            (no boots)
Will    .....        (no amulet)
Stlth   ++           f - ring of positive energy
HPRegen 0.24/turn    (no ring)
MPRegen 0.10/turn

%: no passive effects
@: no status effects
A: sickness immunity, AC +3, negative energy resistance 1, electricity
resistance, torment resistance 1, petrification resistance
a: no special abilities


You were on level 2 of the Dungeon.
You visited 1 branch of the dungeon, and saw 2 of its levels.

You collected 51 gold pieces.

Inventory:

Armour
 a - a +0 robe (worn)
Jewellery
 f - a ring of positive energy (left hand)
Scrolls
 d - 2 scrolls of vulnerability {unknown}
Potions
 c - a potion of might {unknown}
 e - a potion of haste
 h - a potion of mutation {unknown}
 i - a potion of brilliance {unknown}


   Skills:
 + Level 1.0 Fighting
 - Level 1.9 Dodging
 - Level 2.6 Stealth
 + Level 2.5 Spellcasting
 + Level 2.2 Conjurations
 + Level 3.4 Fire Magic


You had 5 spell levels left.
You knew the following spells:

 Your Spells              Type           Power      Damage    Failure   Level
a - Foxfire               Conj/Fire      44%        2x1d6     5%          1
b - Scorch                Fire           28%        2d6       7%          2

Your spell library contained the following spells:

 Spells                   Type           Power      Damage    Failure   Level
 Inner Flame              Hex/Fire       8%         N/A       26%         3
 Volatile Blastmotes      Fire/Tloc      16%        2d11      26%         3
 Flame Wave               Conj/Fire      11%        2d6       50%         4


Dungeon Overview and Level Annotations

Branches:
Dungeon (2/15)

Altars:

Shops:
D:1 :

Annotations:
D:2 Terence


Innate Abilities, Weirdness & Mutations

You are immune to sickness and miasma.
Your stone body is resilient. (AC +3)
You are immune to poison.
You resist negative energy. (rN+)
You are resistant to electric shocks. (rElec)
You are resistant to unholy torment.
You are immune to petrification.


Message History

Terence says, "Rest in peace."
Terence attacks as he pursues you! Terence closely misses you.
Terence attacks as he pursues you! Terence closely misses you.
Casting: Foxfire (safe; 5% risk of failure)
Press: ? - help, Q - select action, (/) - cycle Dir - look around, f - activate You conjure some foxfire!
Terence hits you with a +0 mace.
* * * LOW HITPOINT WARNING * * *
The foxfire hits Terence but does no damage.
Terence is heavily wounded.
The foxfire hits Terence but does no damage.
Terence is heavily wounded.
Terence closely misses you.
It was a potion of ambrosia.
You are confused.
You feel invigorated. Terence hits you with a +0 mace.
* * * LOW HITPOINT WARNING * * *
You feel less invigorated.
You feel less confused. Terence misses you.
Casting: Foxfire (safe; 5% risk of failure)
Press: ? - help, Q - select action, (/) - cycle Dir - look around, f - activate You conjure some foxfire!
Terence closely misses you.
The foxfire hits Terence but does no damage.
Terence is heavily wounded.
The foxfire hits Terence.
Terence is heavily wounded.
Terence hits you with a +0 mace.
Casting: Foxfire (safe; 5% risk of failure)
Confirm with . or Enter, or press ? or * to list all spells.
Flames lash Terence but do no damage.
Terence hits you but does no damage.
Unknown command.
Casting: Scorch (safe; 7% risk of failure)
Confirm with . or Enter, or press ? or * to list all spells.
Flames lash Terence.
Terence is severely wounded.
Terence's fire resistance burns away.
Terence hits you with a +0 mace!
You die...
Terence says, "Rest in peace."

...###.#####.###.........#.##.#
...+..)...†.># #......#....##.#
...###.#####.# #..###.#.......###
.......# #.# #..#<#.###.......#
...##### #.# #..#.#...#.......#
...#########.###..#.[.#.#..###..#
##.......#........#..##.#..# #..#
#.......#+#.....@#.....#..###..#
#..............@.#######....#...
#.........................#....#
#...............################
#.......#.#†$...# #...@.....
#.......#.#.....# #.########
#########.#.....# #.# #.....# #@#
....... #.# #.########


You could see Terence (combustible).

Vanquished Creatures
  Jessica (D:2)
  An adder (D:2)
  2 dart slugs
  5 giant cockroaches (D:1)
  2 goblins (D:1)
  2 hobgoblins
  4 jackals (D:1)
  A kobold (D:1)
  A quokka (D:1)
  4 ball pythons
  6 bats
  4 rats (D:1)
33 creatures vanquished.

Vanquished Creatures (others)
  152 foxfires
152 creatures vanquished.

Grand Total: 185 creatures vanquished

Notes
Turn   | Place    | Note
-------+----------+-------------------------------------------
     0 | D:1      | retardedninja the Gargoyle Fire Elementalist began the
                  | quest for the Orb.
     0 | D:1      | Reached XP level 1. HP: 10/10 MP: 3/3
   368 | D:1      | Found Qokh's Vocational Training.
   443 | D:1      | Reached XP level 2. HP: 15/15 MP: 1/5
  1235 | D:1      | Reached XP level 3. HP: 19/19 MP: 3/6
  1567 | D:2      | Noticed Jessica
  1577 | D:2      | Killed Jessica
  1658 | D:2      | Noticed Terence
  1683 | D:2      | Reached skill level 1 in Fighting
  1683 | D:2      | Reached XP level 4. HP: 24/25 MP: 2/7
  1915 | D:1      | Learned a level 2 spell: Scorch
  2193 | D:2      | Slain by Terence

Illustrated notes

Levels and vault maps discovered:
D:1:      dpeg_cavernosity, layout_basic, nicolae_shop_vocational
D:2:      layout_basic, basic_altar, uniq_terence, uniq_robin, uniq_jessica,
          uniq_sigmund

Skill      XL: |  1  2  3 |
---------------+----------+-----
Conjurations   | 2 |  2.2
Fighting       | 1 |  1.0
Dodging        | |  1.9
Stealth        | |  2.6
Spellcasting   | |  2.5
Fire Magic     | |  3.4

Action                     |  1- 3 |  4- 6 || total
---------------------------+-------+-------++-------
  Melee: Unarmed           |    15 |     5 ||    20
   Cast: Foxfire           |    71 |    25 ||    96
         Scorch            |       |     5 ||     5
    Use: Potion            |       |     4 ||     4
 Armour: Robe              |    47 |    26 ||    73
  Dodge: Dodged            |    43 |    26 ||    69

Table legend: (Time is in decaauts)
 A = Elapsed time spent in this place.
 B = Non-inter-level travel time spent in this place.
 C = Inter-level travel time spent in this place.
 D = Time resting spent in this place.
 E = Time spent auto-exploring this place.
 F = Levels seen in this place.
 G = Mean time per level.
                   A        B        C        D        E       F      G
               +--------+--------+--------+--------+--------+-----+--------+
         Total |   2162 |   2121 |     41 |    199 |   1491 |   2 | 1081.0 |
       Dungeon |   2162 |   2121 |     41 |    199 |   1491 |   2 | 1081.0 |
               +--------+--------+--------+--------+--------+-----+--------+

Top non-repeatable levels by time:
     D:1: 1741 daAuts
     D:2: 421 daAuts
